AoeStats
← Comend x comend

Oasis

508292541Analyzed
3v3 RM · 10d ago on Sep 21, 2026· 33m 5s· 6 players
Game mode
Random Map
Map size
Normal (6 player)
Population
200
Speed
Normal
Resources
Standard
Victory
Conquest
Starting age
Dark Age
Ending age
Imperial Age
RankedLock teamsTeams togetherTeam positionsShared explorationLock speedFull tech treeHidden civsTurbo modeCheats
Victory
Defeat
🇫🇷 Goths · France
1528
+10
🇫🇷 Slavs · France
1480
+12
🇫🇷 Malians · France
1305
+19
🇨🇭 Mapuche · Switzerland
1420
-15
🇵🇪 Persians · Peru
1379
-13
🇹🇷 Khmer · Türkiye
1365
-13
TP83C6
7:59 Loom
10:18 Feudal Age
13:04 Double-Bit Axe
14:29 Fletching
18:25 Wheelbarrow
17:52 Gold Mining
18:51 Padded Archer Armor
21:38 Horse Collar
29:21 Castle Age
29:26 Crossbowman
32:00 Heavy Plow
32:14 Bodkin Arrow
32:34 Leather Archer Armor
33:14 Gold Shaft Mining
33:39 Bow Saw
TheMonkeyDonkey
9:21 Feudal Age
10:14 Double-Bit Axe
10:43 Loom
11:44 Horse Collar
15:14 Scale Barding Armor
19:53 Forging
20:04 Town Watch
21:10 Gold Mining
23:40 Castle Age
23:14 Bloodlines
23:52 Light Cavalry
24:58 Chain Barding Armor
26:04 Bow Saw
26:24 Husbandry
PironovskyII
6:30 Loom
9:18 Feudal Age
9:55 Double-Bit Axe
12:14 Fletching
22:17 Castle Age
20:55 Padded Archer Armor
21:10 Horse Collar
23:02 Bodkin Arrow
22:59 Crossbowman
28:22 Ballistics
33:29 Wheelbarrow
32:29 Pikeman
tirtil
4:32 Loom
10:51 Feudal Age
27:21 Castle Age
26:28 Double-Bit Axe
Zaphod
6:59 Loom
9:16 Feudal Age
10:13 Double-Bit Axe
13:40 Fletching
20:59 Castle Age
20:01 Horse Collar
21:13 Crossbowman
21:49 Bodkin Arrow
24:21 Padded Archer Armor
27:04 Leather Archer Armor
30:52 Wheelbarrow
Comend x comend
11:16 Feudal Age
12:59 Loom
16:21 Castle Age
14:55 Double-Bit Axe
14:52 Horse Collar
20:08 Bloodlines
23:58 Husbandry
26:59 Scale Barding Armor
28:01 Chain Barding Armor
29:31 Bow Saw
Connection lost

Rejoining the realm…

Still unreachable

The connection could not be restored.

Session expired

The server has moved on; the page needs a fresh start.